 Dungeon Sprint DCSS version 0.29-a0-1006-g0dd7720b37 (webtiles) character file.

Game seed: 3493965629265701475

10735 mhtbhm the Bludgeoner (level 11, -12/78 HPs)
             Began as a Gargoyle Fighter on Aug 6, 2022.
             Was an Initiate of Gozag.
             Mangled by an ettin
             ... wielding a +0 dire flail
              (16 damage)
             ... in the Dungeon (Sprint IX: "|||||||||||||||||||||||||||||").
             The game lasted 00:02:48 (1589 turns).

mhtbhm the Bludgeoner (Gargoyle Fighter)            Turns: 1589, Time: 00:02:49

Health: -12/78     AC: 31    Str: 24    XL:     11   Next: 66%
Magic:  11/11      EV:  8    Int: 12    God:    Gozag
Gold:   4235       SH: 12    Dex: 12    Spells: 10/10 levels left

rFire   . . .      SeeInvis .   a - +2 morningstar (vorpal)
rCold   . . .      Faith    .   c - +0 kite shield
rNeg    + + .      Spirit   .   b - +2 plate armour {rN+}
rPois   ∞          Reflect  .   (no helmet)
rElec   +          Harm     .   u - +0 cloak
rCorr   .          Rampage  .   m - +0 pair of gloves
Will    .....      NoTele   +   t - +0 pair of boots
Stlth   ..........              (no amulet)
HPRegen 0.23/turn               n - +3 ring of dexterity
MPRegen 0.12/turn               o - +3 ring of intelligence

@: no status effects
A: sickness immunity, AC +8, negative energy resistance 1, electricity
resistance, torment resistance 1, petrification resistance
a: Renounce Religion, Potion Petition, Call Merchant, Bribe Branch


You were in the Dungeon.
You worshipped Gozag.
Gozag was most pleased with you.
You visited 1 branch You collected 4235 gold pieces.

Inventory:

Hand Weapons
 a - a +2 vorpal morningstar (weapon)
Missiles
 p - 3 poisoned darts (quivered)
Armour
 b - a +2 plate armour of positive energy (worn)
 c - a +0 kite shield (worn)
 m - a +0 pair of gloves (worn)
 t - a +0 pair of boots (worn)
 u - a +0 cloak (worn)
Jewellery
 n - a +3 ring of dexterity (left hand)
 o - a +3 ring of intelligence (right hand)
Wands
 d - a wand of flame (28)
Scrolls
 j - 2 scrolls of blinking
 k - 2 scrolls of amnesia
 q - 2 scrolls of enchant weapon
 r - 3 scrolls of fear
 s - 2 scrolls of identify
Potions
 e - 5 potions of curing
 f - 7 potions of heal wounds
 g - a potion of haste
 h - 4 potions of magic
 i - a potion of berserk rage
 l - a potion of mutation


   Skills:
 + Level 13.1 Fighting
 + Level 17.2 Maces & Flails
 + Level 14.7 Armour
 + Level 5.5 Dodging
 + Level 7.3 Stealth
 + Level 12.0 Shields
 + Level 5.1 Evocations


You had 10 spell levels left.
You didn't know any spells.
Your spell library was empty.

Dungeon Overview and Level Annotations

Branches:
Dungeon (1/1)

Altars:
Cheibriados
Dithmenos
Elyvilon
Fedhas
Gozag
Hepliaklqana
Kikubaaqudgha
Makhleb
Nemelex Xobeh
Okawaru
Qazlal
Ru
Sif Muna
Trog
Uskayaw
Vehumet
Wu Jian
Xom
Yredelemnul
Zin
The Shining One
Jiyva
Lugonu


Innate Abilities, Weirdness & Mutations

You are immune to sickness and miasma.
Your stone body is resilient. (AC +8)
You are immune to poison.
You resist negative energy. (rN+)
You are resistant to electric shocks. (rElec)
You are resistant to unholy torment.
You are immune to petrification.


Message History

You kill the orc!
The orc is no longer distracted by gold.
The ettin is distracted by your dazzling golden aura.
The orc is distracted by your dazzling golden aura.
Unknown command.
The ettin shouts in stereo!
The orc shouts!
You puncture the orc priest!
You kill the orc priest!
Items here: $ ( ))) [[.
Unknown command.
Unknown command.
The orc no longer looks unusually strong.
Items here: $ )) [[.
You see here 50 gold pieces.
The ettin is no longer distracted by gold.
Items here: $ ( ) [.
Items here: $ )) [.
A puff of flame appears from out of thin air!
You block the puff of flame.
There is an open door to the Orcish Mines, spattered with blood here.
Items here: $ )) [[.
You see here the +3 hat of Pondering {ponderous, Will+ MP+10 Int+5}.
Things that are here:
a +0 giant club; a +0 robe
There is an open door here.
You see here a +0 pair of gloves.
You see here a +0 pair of gloves.
There is an open door here.
You see here a +0 falchion.
You see here a +0 quarterstaff.
The ettin hits you with a +0 dire flail!! x2
* * * LOW HITPOINT WARNING * * *
You see here a +0 quarterstaff.
You flatten the ettin like a pancake!!!
The ettin is severely wounded.
The ettin hits you with a +0 dire flail!
* * * LOW HITPOINT WARNING * * *
The ettin hits you with a +0 dire flail!
You die...
Your body crumbles into a pile of gold.

▓[▓.▓.▓.▓
▓'▓.▓[▓.▓
▓.▓.▓[▓.▓$
▓.▓.▓.▓)▓$
▓)▓.▓.▓.▓$
▓.▓.▓'▓.▓$
▓)▓.▓)▓.▓$
▓.▓.▓C▓.▓
▓)▓.▓@▓.▓$
▓.▓.▓.▓.▓
▓.▓.▓.▓.▓$
▓.▓.▓.▓.▓
▓[▓.▓.▓.▓$
▓.▓.▓.▓.▓
▓)▓.▓.▓.▓$
▓)▓.▓.▓.▓$
▓.▓.▓.▓.▓$


You could see an ettin.

Vanquished Creatures
  Gastronok (D)
  Erolcha (D)
  2 boulder beetles (D)
  2 centaur warriors (D)
  A two-headed ogre (D)
  An orc knight (D)
  2 black mambas (D)
  A rime drake (D)
  A cane toad (D)
  3 komodo dragons (D)
  A kobold demonologist (D)
  5 polar bears (D)
  A basilisk (D)
  6 yaks (D)
  3 water moccasins (D)
  3 orc warriors (D)
  An ice beast (D)
  3 black bears (D)
  A centaur (D)
  A kobold brigand (D)
  2 bullfrogs (D)
  A gnoll sergeant (D)
  A hound (D)
  A gnoll bouda (D)
  2 orc priests (D)
  An orc wizard (D)
  3 adders (D)
  3 orcs (D)
  A ball python (D)
  A bat (D)
  A quokka (D)
  2 goblins (D)
59 creatures vanquished.

Vanquished Creatures (others)
  An orc wizard (D)
1 creature vanquished.

Grand Total: 60 creatures vanquished

Notes
Turn   | Place    | Note
-------+----------+-------------------------------------------
     0 | D        | mhtbhm the Gargoyle Fighter began the quest for the Orb.
     0 | D        | Reached XP level 1. HP: 14/14 MP: 1/1
   183 | D        | Noticed an ice beast
   183 | D        | Noticed a hound
   187 | D        | Reached XP level 2. HP: 19/20 MP: 2/2
   198 | D        | Reached skill level 3 in Maces & Flails
   198 | D        | Reached skill level 5 in Armour
   198 | D        | Reached XP level 3. HP: 17/25 MP: 3/3
   200 | D        | Killed an ice beast
   201 | D        | Reached skill level 5 in Maces & Flails
   201 | D        | Reached skill level 1 in Dodging
   201 | D        | Reached skill level 5 in Shields
   201 | D        | Reached XP level 4. HP: 22/32 MP: 4/4
   201 | D        | Reached XP level 5. HP: 25/36 MP: 5/5
   211 | D        | Found a snail-covered altar of Cheibriados.
   211 | D        | Found a shadowy altar of Dithmenos.
   211 | D        | Found a white marble altar of Elyvilon.
   211 | D        | Found a blossoming altar of Fedhas.
   211 | D        | Found an opulent altar of Gozag.
   212 | D        | Found a hazy altar of Hepliaklqana.
   213 | D        | Found a viscous altar of Jiyva.
   214 | D        | Found an ancient bone altar of Kikubaaqudgha.
   215 | D        | Found a corrupted altar of Lugonu.
   216 | D        | Found a burning altar of Makhleb.
   217 | D        | Found a sparkling altar of Nemelex Xobeh.
   218 | D        | Found an iron altar of Okawaru.
   219 | D        | Became a worshipper of Gozag Ym Sagoz the Greedy
   220 | D        | Found a stormy altar of Qazlal.
   221 | D        | Found a sacrificial altar of Ru.
   222 | D        | Found a shimmering blue altar of Sif Muna.
   223 | D        | Found a bloodstained altar of Trog.
   224 | D        | Found a hide-covered altar of Uskayaw.
   225 | D        | Found a radiant altar of Vehumet.
   226 | D        | Found an ornate altar of the Wu Jian Council.
   227 | D        | Found a shimmering altar of Xom.
   228 | D        | Found a basalt altar of Yredelemnul.
   229 | D        | Found a glowing silver altar of Zin.
   230 | D        | Found a glowing golden altar of the Shining One.
   287 | D        | Noticed a yak
   287 | D        | Noticed a kobold demonologist
   287 | D        | Noticed a centaur
   287 | D        | Noticed a kobold brigand
   289 | D        | Noticed a sixfirhy
   294 | D        | Killed a kobold brigand
   295 | D        | Reached skill level 6 in Maces & Flails
   295 | D        | Reached XP level 6. HP: 34/44 MP: 6/6
   301 | D        | Reached skill level 7 in Maces & Flails
   302 | D        | Killed a kobold demonologist
   303 | D        | Reached skill level 9 in Maces & Flails
   303 | D        | Reached skill level 1 in Evocations
   303 | D        | Reached XP level 7. HP: 39/49 MP: 7/7
   306 | D        | Killed a yak
   372 | D        | Noticed a boulder beetle
   372 | D        | Noticed a centaur warrior
   372 | D        | Noticed a two-headed ogre
   372 | D        | Noticed a centaur warrior
   372 | D        | Noticed a boulder beetle
   376 | D        | Killed a two-headed ogre
   377 | D        | Reached skill level 11 in Maces & Flails
   377 | D        | Reached skill level 10 in Armour
   377 | D        | Reached XP level 8. HP: 48/56 MP: 8/8
   377 | D        | Killed a centaur warrior
   377 | D        | Killed a centaur warrior
   378 | D        | Reached skill level 12 in Maces & Flails
   378 | D        | Reached XP level 9. HP: 54/62 MP: 9/9
   386 | D        | Killed a boulder beetle
   387 | D        | Reached skill level 10 in Fighting
   387 | D        | Reached skill level 13 in Maces & Flails
   387 | D        | Reached skill level 1 in Stealth
   396 | D        | Killed a boulder beetle
   397 | D        | Reached skill level 14 in Maces & Flails
   397 | D        | Reached skill level 5 in Dodging
   397 | D        | Reached XP level 10. HP: 21/68 MP: 10/10
   796 | D        | Noticed a cane toad
   817 | D        | Reached skill level 10 in Shields
   820 | D        | Killed a cane toad
   835 | D        | Reached skill level 5 in Evocations
   993 | D        | Noticed a black mamba
   993 | D        | Noticed a black mamba
  1005 | D        | Killed a black mamba
  1006 | D        | Reached skill level 15 in Maces & Flails
  1006 | D        | Reached skill level 5 in Stealth
  1029 | D        | Killed a black mamba
  1034 | D        | Reached XP level 11. HP: 39/74 MP: 11/11
  1245 | D        | Reached skill level 16 in Maces & Flails
  1347 | D        | Noticed Erolcha
  1353 | D        | Killed Erolcha
  1380 | D        | Noticed Gastronok
  1394 | D        | Killed Gastronok
  1395 | D        | Reached skill level 17 in Maces & Flails
  1440 | D        | Noticed an orc knight
  1467 | D        | Killed an orc knight
  1472 | D        | Noticed an ettin
  1589 | D        | Mangled by an ettin

Illustrated notes

Levels and vault maps discovered:
D:        linesprint [early_d, line_temple, items_1, d_10, items_2, lair_1,
          lair_end, items_3, orc_1, orc_end, items_4, d_15, swamp_1, shoals_1,
          snake_1, spider_1, d_20, vaults_1, items_5, swamp_end, shoals_end,
          snake_end, spider_end, vaults_end, d_27, items_6, zot_1, zot_end,
          crypt_end, forest_end, elf_end, slime_end, tomb_end, abyss_end,
          pan_hell_end]

Skill      XL: |  1  2  3  4  5  6  7  8  9 10 11 |
---------------+----------------------------------+-----
Fighting       | 4 6 7 8 9 10 11 13 | 13.1
Armour         | 4 5 6 7 9 10 12 14 | 14.7
Shields        | 4 5 6 7 8 9 10 12 | 12.0
Maces & Flails | 3 5 6 9 11 12 14 15 17 | 17.2
Dodging        | 1 2 3 4 5 |  5.5
Evocations     | 1 2 3 4 5 |  5.1
Stealth        | 2 5 7 |  7.3

Action                   |  1- 3 |  4- 6 |  7- 9 | 10-12 || total
-------------------------+-------+-------+-------+-------++-------
Melee: Flail             |    39 |     4 |       |       ||    43
       Morningstar       |       |     9 |    19 |   185 ||   213
Evoke: Wand              |       |     4 |     6 |       ||    10
  Use: Potion            |     2 |       |     2 |     1 ||     5
 Stab: Distracted        |       |       |     2 |     3 ||     5
       Invisible         |       |       |       |     1 ||     1
Armor: Scale mail        |    25 |     3 |       |       ||    28
       Chain mail        |       |    10 |     4 |       ||    14
       Plate armour      |       |       |       |    69 ||    69
Dodge: Dodged            |    20 |     8 |     5 |    29 ||    62
Block: Buckler           |     7 |     1 |     4 |       ||    12
       Kite shield       |       |       |       |    54 ||    54

Table legend: (Time is in decaauts)
 A = Elapsed time spent in this place.
 B = Non-inter-level travel time spent in this place.
 C = Inter-level travel time spent in this place.
 D = Time resting spent in this place.
 E = Time spent auto-exploring this place.
 F = Levels seen in this place.
 G = Mean time per level.
                   A        B        C        D        E       F      G
               +--------+--------+--------+--------+--------+-----+--------+
         Total |   1574 |   1574 |      0 |    320 |    602 |   1 | 1574.0 |
       Dungeon |   1574 |   1574 |      0 |    320 |    602 |   1 | 1574.0 |
               +--------+--------+--------+--------+--------+-----+--------+

Top non-repeatable levels by time:
       D: 1574 daAuts
